 Dungeon Crawl Stone Soup version 0.28.0-47-ge53b351184 (webtiles) character file.

Game seed: 9357027199652911560

0 Allula97 the Insei (level 1, 0/13 HPs)
             Began as an Octopode Transmuter on May 3, 2022.
             Slain by a ball python (2 damage)
             ... on level 1 of the Dungeon.
             The game lasted 00:00:39 (51 turns).

Allula97 the Insei (Octopode Transmuter)              Turns: 51, Time: 00:00:40

Health: 0/13       AC:  1    Str:  9    XL:     1   Next: 10%
Magic:  2/3        EV: 10    Int: 15    God:
Gold:   0          SH:  0    Dex: 12    Spells: 3/4 levels left

rFire   . . .      SeeInvis .     - Unarmed
rCold   . . .      Faith    .   (no shield)
rNeg    . . .      Spirit   .   (helmet currently unavailable)
rPois   .          Reflect  .   (no amulet)
rElec   .          Harm     .   (no ring)
rCorr   .          Rampage  .   (no ring)
Will    .....                   (no ring)
Stlth   ++........              (no ring)
HPRegen 0.04/turn               (no ring)
MPRegen 0.08/turn               (no ring)
                                (no ring)
                                (no ring)

@: appendages, constricted
A: tentacle spike 3, almost no armour, amphibious, 8 rings, camouflage 1,
gelatinous body 1, (nimble swimmer 1), tentacles
a: End Transformation


You were on level 1 of the Dungeon.
One of your tentacles had grown a beastly spike.
You visited 1 branch of the dungeon, and saw 1 of its levels.

You aren't carrying anything.


   Skills:
 * Level 1.0 Fighting
 * Level 2.0 Dodging
 * Level 3.0 Unarmed Combat
 * Level 2.0 Spellcasting
 * Level 2.0 Transmutations


You had 3 spell levels left.
You knew the following spells:

 Your Spells              Type           Power      Damage    Failure   Level
a - Beastly Appendage     Tmut           14%        N/A       10%         1

Your spell library contained the following spells:

 Spells                   Type           Power      Damage    Failure   Level
 Wereblood                Tmut           7%         N/A       14%         2
 Spider Form              Tmut/Pois      4%         N/A       41%         3
 Ice Form                 Ice/Tmut       4%         N/A       82%         4


Dungeon Overview and Level Annotations

Branches:
Dungeon (1/15)

Altars:


Innate Abilities, Weirdness & Mutations

One of your tentacles has grown a beastly spike.
You cannot wear most types of armour.
You are amphibious.
You can wear up to eight rings at the same time.
Your skin changes colour to match your surroundings (Stealth+).
Your rubbery body absorbs attacks. (AC +1, EV +1)
((You are camouflaged when in or above water. (Stealth+)))
You have tentacles for arms and can constrict up to eight enemies at once.


Message History

Things that are here:
a +0 club; 2 stones A ball python comes into view.
The ball python hisses angrily.
A ball python comes into view.
The quokka bites you.
You barely miss the quokka.
The ball python hisses angrily.
You grab the quokka. You constrict the quokka.
The quokka completely misses you.
You tentacle-slap the quokka.
The quokka is heavily wounded.
You constrict the quokka, but do no damage.
The quokka bites you.
You tentacle-slap the quokka but do no damage.
The quokka is heavily wounded.
You constrict the quokka, but do no damage.
The quokka bites you. The ball python barely misses you. x2
You release your grip on the quokka.
The quokka bites you.
You see here 7 gold pieces.
The ball python bites you.
* * * LOW HITPOINT WARNING * * *
The ball python barely misses you. The quokka closely misses you.
The ball python barely misses you. The ball python grabs you.
The ball python constricts you.
You escape the ball python's grasp.
You can't go up here!
Sorry, you're not good enough to have a special ability.
You aren't carrying any potions.
Casting: Beastly Appendage (safe; 10% risk of failure)
Confirm with . or Enter, or press ? or * to list all spells.
One of your tentacles grows a vicious spike.
The ball python closely misses you. The ball python grabs you.
The ball python constricts you.
* * * LOW HITPOINT WARNING * * *
You tentacle-slap the ball python. Your grab misses the ball python.
Your tentacle spike misses the ball python.
The ball python is moderately wounded.
The ball python bites you.
You die...

#.#### #....#
#.##.#
###########.##.#
#≈≈P.........#.#
#P≈≈##.###...(.#
#≈PP##.# #.rS###
#.##P≈≈# ###S#
#.##≈PP# #@#
#...PP≈# #.#
#.#####≈P≈ ..#
#.# ≈≈P##.#
#.### PPP##.#
#...# ##P≈P#
#.<.# ≈PP#
#......... P≈#
##########


You could see a quokka and 2 ball pythons.

Vanquished Creatures
  A kobold (D:1)
1 creature vanquished.

Notes
Turn   | Place    | Note
-------+----------+-------------------------------------------
     0 | D:1      | Allula97 the Octopode Transmuter began the quest for the
                  | Orb.
     0 | D:1      | Reached XP level 1. HP: 13/13 MP: 3/3
    51 | D:1      | Slain by a ball python

Illustrated notes

Levels and vault maps discovered:
D:1:      psy_arrival_conway, layout_basic, ebering_ecumenical_altar_abandoned,
          minivault_23, minmay_misc_feat_alley

Action                   || total
-------------------------++-------
Melee: Unarmed           ||     5
       Constrict         ||     2
       Punch             ||     1
       Tentacles         ||     1
 Cast: Beastly Appendage ||     1
 Stab: Sleeping          ||     1
Dodge: Dodged            ||     7
